Workbook
Name __123Graph_XGRAPH3: NA()
Name aa: (NA(),NA())
Name ad: '[1]МТР Газ України'!$B$1
Name as: '[2]МТР Газ України'!$B$1
Name asdf: [3]Inform!$E$6
Name asdfg: [3]Inform!$F$2
Name BuiltIn_Print_Area___1___1: #REF!
Name ClDate: [5]Inform!$E$6
Name ClDate_21: [6]Inform!$E$6
Name ClDate_25: [6]Inform!$E$6
Name ClDate_6: [7]Inform!$E$6
Name CompName: [5]Inform!$F$2
Name CompName_21: [6]Inform!$F$2
Name CompName_25: [6]Inform!$F$2
Name CompName_6: [7]Inform!$F$2
Name CompNameE: [5]Inform!$G$2
Name CompNameE_21: [6]Inform!$G$2
Name CompNameE_25: [6]Inform!$G$2
Name CompNameE_6: [7]Inform!$G$2
Name Cost_Category_National_ID: #REF!
Name Cе511: #REF!
Name d: '[8]МТР Газ України'!$B$4
Name dCPIb: NA()
Name dPPIb: NA()
Name ds: '[9]7 Інші витрати'!#REF!
Name Excel_BuiltIn_Database: '[10]Ener '!$A$1:$G$2645
Name Excel_BuiltIn_Print_Area: 'Осн. фін. пок.'!$A$1:$H$142
Name Excel_BuiltIn_Print_Area: 'Осн. фін. пок. (2)'!$A$1:$F$142
Name Excel_BuiltIn_Print_Titles: 'Осн. фін. пок.'!$31:$33
Name Excel_BuiltIn_Print_Titles: 'Осн. фін. пок. (2)'!$31:$33
Name Fact_Type_ID: #REF!
Name G: '[11]МТР Газ України'!$B$1
Name ij1sssss: '[12]7 Інші витрати'!#REF!
Name LastItem: [13]Лист1!$A$1
Name Load: '[14]МТР Газ України'!$B$4
Name Load_ID: '[15]МТР Газ України'!$B$4
Name Load_ID_10: '[16]7 Інші витрати'!#REF!
Name Load_ID_11: '[17]МТР Газ України'!$B$4
Name Load_ID_12: '[17]МТР Газ України'!$B$4
Name Load_ID_13: '[17]МТР Газ України'!$B$4
Name Load_ID_14: '[17]МТР Газ України'!$B$4
Name Load_ID_15: '[17]МТР Газ України'!$B$4
Name Load_ID_16: '[17]МТР Газ України'!$B$4
Name Load_ID_17: '[17]МТР Газ України'!$B$4
Name Load_ID_18: '[18]МТР Газ України'!$B$4
Name Load_ID_19: '[19]МТР Газ України'!$B$4
Name Load_ID_20: '[18]МТР Газ України'!$B$4
Name Load_ID_200: '[14]МТР Газ України'!$B$4
Name Load_ID_21: '[20]МТР Газ України'!$B$4
Name Load_ID_23: '[19]МТР Газ України'!$B$4
Name Load_ID_25: '[20]МТР Газ України'!$B$4
Name Load_ID_542: '[21]МТР Газ України'!$B$4
Name Load_ID_6: '[17]МТР Газ України'!$B$4
Name OpDate: [5]Inform!$E$5
Name OpDate_21: [6]Inform!$E$5
Name OpDate_25: [6]Inform!$E$5
Name OpDate_6: [7]Inform!$E$5
Name QR: [22]Inform!$E$5
Name qw: [3]Inform!$E$5
Name qwert: [3]Inform!$G$2

Sheet Осн. фін. пок. (2)
A6: СХВАЛЕНО
A7: рішенням виконавчого комітету Славутської міської ради
A8: від ________________ №_______
A13: Підприємство : Комунальне підприємство « Славутська міська лікарня ім..Ф.М.Михайлова » Славутської міської ради
A15: Організаційно-правова форма | B15: комунальне підприємство
A16: Суб'єкт управління
A17: Вид економічної діяльності
A18: Галузь | B18: охорона здоров"я
A19: Одиниця виміру, тис. грн
A20: Розмір державної частки у статутному капіталі
A21: Середньооблікова кількість штатних працівників | B21: 510
A22: Місцезнаходження | B22: м.Славута ,вул. Я.Мудрого ,29 "г"
A23: Телефон | B23: 7-20-10
A24: Прізвище та власне ім'я керівника | B24: Радзивілюк Леонід Анатолієвич
A27: ФІНАНСОВИЙ ПЛАН
A28: на 2025 рік
A29: Основні фінансові показники
A31: Найменування показника | B31: Код рядка | C31: План на рік | D31: Уточнений план | E31: Відхилення | F31: %відхилення
A33: 1 | B33: 2 | C33: 5 | D33: 4 | E33: 5 | F33: 6
A34: І. Формування фінансових результатів
A35: Чистий дохід від реалізації продукції (товарів, робіт, послуг), в тому числі | B35: 1000 | C35: =C36+C37+C38 -> 172000 | D35: ='Осн. фін. пок.'!D35 -> 172000 | E35: =D35-C35 -> 0 | F35: =(((1-(D35/C35))*100)) -> 0
A36: Кошти НСЗУ | C36: 168000 | D36: ='Осн. фін. пок.'!D36 -> 168000 | E36: =D36-C36 -> 0 | F36: =(((1-(D36/C36))*100)) -> 0
A37: …. | D37: ='Осн. фін. пок.'!D37 -> 0 | E37: =D37-C37 -> 0 | F37: =(((1-(D37/C37))*100)) -> #DIV/0!
A38: платні послуги | C38: 4000 | D38: ='Осн. фін. пок.'!D38 -> 4000 | E38: =D38-C38 -> 0 | F38: =(((1-(D38/C38))*100)) -> 0
A39: Інші операційні доходи | B39: 1001 | C39: 14600 | D39: ='Осн. фін. пок.'!D39 -> 25000 | E39: =D39-C39 -> 10400 | F39: =(((1-(D39/C39))*100)) -> -71.232877
A40: Інші доходи | B40: 1002 | C40: 4000 | D40: ='Осн. фін. пок.'!D40 -> 8000 | E40: =D40-C40 -> 4000 | F40: =(((1-(D40/C40))*100)) -> -100
A41: Разом доходи ( рядок 1000+1001+1002) | B41: 1003 | C41: =C35+C39+C40 -> 190600 | D41: ='Осн. фін. пок.'!D41 -> 205000 | E41: =D41-C41 -> 14400 | F41: =(((1-(D41/C41))*100)) -> -7.5550892
A42: Собівартість реалізованої продукції (товарів, робіт, послуг) | B42: 1004 | C42: 178900 | D42: ='Осн. фін. пок.'!D42 -> 190700 | E42: =D42-C42 -> 11800 | F42: =(((1-(D42/C42))*100)) -> -6.5958636
A43: Інші операційні витрати, в тому числі: | B43: 1005 | C43: =C44+C46 -> 11700 | D43: ='Осн. фін. пок.'!D43 -> 14300 | E43: =D43-C43 -> 2600 | F43: =(((1-(D43/C43))*100)) -> -22.222222
A44: адміністративні витрати | B44: 1006 | C44: 7300 | D44: ='Осн. фін. пок.'!D44 -> 7300 | E44: =D44-C44 -> 0 | F44: =(((1-(D44/C44))*100)) -> 0
A45: витрати на збут | B45: 1007 | D45: ='Осн. фін. пок.'!D45 -> 0 | E45: =D45-C45 -> 0
A46: інші операційні витрати | B46: 1008 | C46: 4400 | D46: ='Осн. фін. пок.'!D46 -> 7000 | E46: =D46-C46 -> 2600 | F46: =(((1-(D46/C46))*100)) -> -59.090909
A47: Інші витрати | B47: 1009 | D47: ='Осн. фін. пок.'!D47 -> 0 | E47: =D47-C47 -> 0
A48: Разом витрати ( рядок 1004+1005+1008) | B48: 1010 | C48: =C42+C43+C47 -> 190600 | D48: ='Осн. фін. пок.'!D48 -> 205000 | E48: =D48-C48 -> 14400 | F48: =(((1-(D48/C48))*100)) -> -7.5550892
A49: Фінансовий результат до оподаткуівання ( рядок 1003 - 1009) | B49: 1011 | C49: =C41-C48 -> 0 | D49: =D41-D48 -> 0 | E49: =D49-C49 -> 0
A50: Податок на прибуток | B50: 1012 | E50: =D50-C50 -> 0
A51: Чистий фінансовий результат ( ряд.1010-1011) | B51: 1013 | C51: =C49-C50 -> 0 | D51: =D49-D50 -> 0 | E51: =D51-C51 -> 0
A52: EBITDA ( ряд.1012+1020) | B52: 1014 | C52: 9200 | D52: ='Осн. фін. пок.'!D52 -> 12000 | E52: =D52-C52 -> 2800 | F52: =(((1-(D52/C52))*100)) -> -30.434783
A53: Елементи операційних витрат
A54: Матеріальні витрати, у тому числі: | B54: 1015 | C54: =C55+C56 -> 53700 | D54: ='Осн. фін. пок.'!D54 -> 62700 | E54: =D54-C54 -> 9000 | F54: =(((1-(D54/C54))*100)) -> -16.759777
A55: витрати на сировину та основні матеріали | B55: 1016 | C55: 48100 | D55: ='Осн. фін. пок.'!D55 -> 56200 | E55: =D55-C55 -> 8100 | F55: =(((1-(D55/C55))*100)) -> -16.839917
A56: витрати на паливо та енергію | B56: 1017 | C56: 5600 | D56: ='Осн. фін. пок.'!D56 -> 6500 | E56: =D56-C56 -> 900 | F56: =(((1-(D56/C56))*100)) -> -16.071429
A57: Витрати на оплату праці | B57: 1018 | C57: 102000 | D57: ='Осн. фін. пок.'!D57 -> 102000 | E57: =D57-C57 -> 0 | F57: =(((1-(D57/C57))*100)) -> 0
A58: Відрахування на соціальні заходи | B58: 1019 | C58: 21300 | D58: ='Осн. фін. пок.'!D58 -> 21300 | E58: =D58-C58 -> 0 | F58: =(((1-(D58/C58))*100)) -> 0
A59: Амортизація | B59: 1020 | C59: 9200 | D59: ='Осн. фін. пок.'!D59 -> 12000 | E59: =D59-C59 -> 2800 | F59: =(((1-(D59/C59))*100)) -> -30.434783
A60: Інші операційні витрати | B60: 1021 | C60: 4400 | D60: ='Осн. фін. пок.'!D60 -> 7000 | E60: =D60-C60 -> 2600 | F60: =(((1-(D60/C60))*100)) -> -59.090909
A61: Усього | B61: 1022 | C61: =C54+C57+C58+C59+C60 -> 190600 | D61: ='Осн. фін. пок.'!D61 -> 205000 | E61: =D61-C61 -> 14400 | F61: =(((1-(D61/C61))*100)) -> -7.5550892
A63: ІІ. Сплата податків, зборів та інших обов'язкових платежів
A64: податок на прибуток підприємств | B64: 2000
A65: податок на додану вартість, що підлягає сплаті до бюджету за підсумками звітного періоду | B65: 2001 | C65: 240 | D65: ='Осн. фін. пок.'!D65 -> 280 | E65: =D65-C65 -> 40 | F65: =(((1-(D65/C65))*100)) -> -16.666667
A66: податок на додану вартість, що підлягає відшкодуванню з бюджету за підсумками звітного періоду | B66: 2002 | D66: ='Осн. фін. пок.'!D66 -> 0 | E66: =D66-C66 -> 0
A67: відрахування частини чистого прибутку до місцевого бюджету | B67: 2003 | D67: ='Осн. фін. пок.'!D67 -> 0 | E67: =D67-C67 -> 0
A68: податок на доходи фізичних осіб | B68: 2004 | C68: 19100 | D68: ='Осн. фін. пок.'!D68 -> 19100 | E68: =D68-C68 -> 0 | F68: =(((1-(D68/C68))*100)) -> 0
A69: єдиний внесок на загальнообов'язкове державне соціальне страхування | B69: 2005 | C69: 21300 | D69: ='Осн. фін. пок.'!D69 -> 21300 | E69: =D69-C69 -> 0 | F69: =(((1-(D69/C69))*100)) -> 0
A70: військовий збір | B70: 2006 | C70: 1550 | D70: ='Осн. фін. пок.'!D70 -> 1550 | E70: =D70-C70 -> 0 | F70: =(((1-(D70/C70))*100)) -> 0
A71: земельний податок | B71: 2007 | C71: 440 | D71: ='Осн. фін. пок.'!D71 -> 440 | E71: =D71-C71 -> 0 | F71: =(((1-(D71/C71))*100)) -> 0
A72: екологічний податок | B72: 2008 | D72: ='Осн. фін. пок.'!D72 -> 0 | E72: =D72-C72 -> 0
A73: інші податки і збори | B73: 2009 | D73: ='Осн. фін. пок.'!D73 -> 0 | E73: =D73-C73 -> 0
A74: Усього сплата податків, зборів та інших обов'язкових платежів | B74: 2010 | C74: =C64+C65+C66+C67+C68+C69+C70+C71+C72+C73 -> 42630 | D74: ='Осн. фін. пок.'!D74 -> 42670 | E74: =D74-C74 -> 40 | F74: =(((1-(D74/C74))*100)) -> -0.093830636
A75: IІІ. Капітальні інвестиції
A76: капітальне будівництво | B76: 3000
A77: придбання (виготовлення) основних засобів | B77: 3001
A78: придбання (виготовлення) інших необоротних матеріальних активів | B78: 3002
A79: придбання (створення) нематеріальних активів | B79: 3003
A80: модернізація, модифікація (добудова, дообладнання, реконструкція) основних засобів | B80: 3004
A81: капітальний ремонт | B81: 3005
A82: Капітальні інвестиції | B82: 3006 | C82: =C76+C77+C78+C79+C80+C81 -> 0 | D82: =D76+D77+D78+D79+D80+D81 -> 0 | E82: =E76+E77+E78+E79+E80+E81 -> 0 | F82: =F76+F77+F78+F79+F80+F81 -> 0
A83: IV. Цілове фінасування
A84: Відшкодування різниці в тарифах, в тому числі ( ряд.4001+ 4002): | B84: 4000
A85: державний бюджет | B85: 4001
A86: місцевий бюджет | B86: 4002
A87: Цільове вінансування ( згідно затерджених програм) ( ряд.4004+4005) | B87: 4003 | C87: =C88+C89 -> 0 | D87: =D88+D89 -> 0 | E87: =E88+E89 -> 0
A88: державний бюджет | B88: 4004
A89: місцевий бюджет | B89: 4005
A90: V. Коефіцієнтний аналіз
A91: Рентабельність діяльності (чистий фінансовий результат, рядок 1310 / чистий дохід від реалізації продукції (товарів, робіт, послуг), рядок 1000) х 100, % | B91: 5000 | C91: =(C51/C35)*100 -> 0 | D91: =(D51/D35)*100 -> 0 | E91: =D91-C91 -> 0
A92: Рентабельність активів (чистий фінансовий результат, рядок 1013 / вартість активів, рядок 6009) х 100, % | B92: 5001 | C92: =(C51/C107)*100 -> 0 | D92: =(D51/D107)*100 -> 0 | E92: =D92-C92 -> 0
A93: Рентабельність власного капіталу (чистий фінансовий результат, рядок 1013 / власний капітал, рядок 5002) х 100, % | B93: 5002 | E93: =D93-C93 -> 0
A94: Рентабельність EBITDA (EBITDA, рядок 1310 / чистий дохід від реалізації продукції (товарів, робіт, послуг), рядок 1000) х 100, % | B94: 5003 | C94: =(C51/C35)*100 -> 0 | D94: =(D51/D35)*100 -> 0 | E94: =D94-C94 -> 0
A95: Коефіцієнт фінансової стійкості (власний капітал, рядок 6080 / (довгострокові зобов'язання, рядок 6030 + поточні зобов'язання, рядок 6040)) | B95: 5004 | E95: =D95-C95 -> 0
A96: Коефіцієнт зносу основних засобів (сума зносу, рядок 6003 / первісна вартість основних засобів, рядок 6002) | B96: 5005 | C96: =C101/C100 -> -0.66666667 | D96: ='Осн. фін. пок.'!D96 -> -0.66666667 | E96: =D96-C96 -> 0
A97: VI. Звіт про фінансовий стан
A98: Необоротні активи, усього, з них: | B98: 6000 | C98: 60000 | D98: ='Осн. фін. пок.'!D98 -> 60000 | E98: =D98-C98 -> 0 | F98: =(((1-(D98/C98))*100)) -> 0
A99: основні засоби | B99: 6001 | C99: 100000 | D99: ='Осн. фін. пок.'!D99 -> 100000 | E99: =D99-C99 -> 0 | F99: =(((1-(D99/C99))*100)) -> 0
A100: первісна вартість | B100: 6002 | C100: 60000 | D100: ='Осн. фін. пок.'!D100 -> 60000 | E100: =D100-C100 -> 0 | F100: =(((1-(D100/C100))*100)) -> 0
A101: знос | B101: 6003 | C101: =C100-C99 -> -40000 | D101: ='Осн. фін. пок.'!D101 -> -40000 | E101: =D101-C101 -> 0 | F101: =(((1-(D101/C101))*100)) -> 0
A102: Оборотні активи, усього, з них : | B102: 6004 | C102: 25000 | D102: ='Осн. фін. пок.'!D102 -> 25000 | E102: =D102-C102 -> 0 | F102: =(((1-(D102/C102))*100)) -> 0
A103: дебіторська заборгованість за продукцію, товари, роботи, послуги | B103: 6005 | D103: ='Осн. фін. пок.'!D103 -> 0 | E103: =D103-C103 -> 0
A104: дебіторська заборгованість за розрахунками з бюджетом | B104: 6006 | D104: ='Осн. фін. пок.'!D104 -> 0 | E104: =D104-C104 -> 0
A105: інша поточна дебіторська заборгованість | B105: 6007 | C105: 78 | D105: ='Осн. фін. пок.'!D105 -> 78 | E105: =D105-C105 -> 0 | F105: =(((1-(D105/C105))*100)) -> 0
A106: гроші та їх еквіваленти | B106: 6008 | C106: 4000 | D106: ='Осн. фін. пок.'!D106 -> 4000 | E106: =D106-C106 -> 0 | F106: =(((1-(D106/C106))*100)) -> 0
A107: Усього активи | B107: 6009 | C107: =C98+C102 -> 85000 | D107: ='Осн. фін. пок.'!D107 -> 85000 | E107: =D107-C107 -> 0 | F107: =(((1-(D107/C107))*100)) -> 0
A108: Довгострокові зобов'язання і забезпечення | B108: 6010 | C108: 7200 | D108: ='Осн. фін. пок.'!D108 -> 7200 | E108: =D108-C108 -> 0 | F108: =(((1-(D108/C108))*100)) -> 0
A109: Поточні зобов'язання і забезпечення, з них : | B109: 6011 | C109: 22000 | D109: ='Осн. фін. пок.'!D109 -> 22000 | E109: =D109-C109 -> 0 | F109: =(((1-(D109/C109))*100)) -> 0
A110: поточна кредиторська заборгованість за товари, роботи, послуги | B110: 6012 | C110: 0 | D110: ='Осн. фін. пок.'!D110 -> 0 | E110: =D110-C110 -> 0
A111: поточна кредиторська заборгованість за розрахунками з бюджетом | B111: 6013 | D111: ='Осн. фін. пок.'!D111 -> 0 | E111: =D111-C111 -> 0
A112: Усього зобов'язання і забезпечення, у тому числі: | B112: 6014 | C112: =C113+C114 -> 0 | D112: ='Осн. фін. пок.'!D112 -> 0 | E112: =D112-C112 -> 0
A113: державні гранти і субсидії | B113: 6015 | D113: ='Осн. фін. пок.'!D113 -> 0 | E113: =D113-C113 -> 0
A114: фінансові запозичення | B114: 6016 | D114: ='Осн. фін. пок.'!D114 -> 0 | E114: =D114-C114 -> 0
A115: Власний капітал | B115: 6017 | C115: 55800 | D115: ='Осн. фін. пок.'!D115 -> 55800 | E115: =D115-C115 -> 0 | F115: =(((1-(D115/C115))*100)) -> 0
...

Sheet Осн. фін. пок.
E1: Додаток 1
E2: до Порядку складання, затвердження та контролю
E3: виконання фінансових планів комунальних підприємств
E4: Славутської міської територіальної громади
A6: СХВАЛЕНО | E6: ЗАТВЕРДЖЕНО
A7: рішенням виконавчого комітету Славутської міської ради | E7: рішенням Славутської міської ради
A8: від ________________ №_______ | E8: від _______________№_______
E12: Код | G12: Внесення змін до затвердженного фінансового плану
A13: Підприємство : Комунальне підприємство « Славутська міська лікарня ім..Ф.М.Михайлова » Славутської міської ради | E13: за ЄДРПОУ | F13: 02004410 | G13: основний ФП (дата затвердження)
A15: Організаційно-правова форма | B15: комунальне підприємство | E15: за КОПФГ | F15: 150 | G15: змінений ФП (дата затвердження)
A16: Суб'єкт управління | E16: за СПОДУ | F16: 07184
A17: Вид економічної діяльності | E17: за КВЕД | F17: 86.22 | G17: змінений ФП (дата затвердження)
A18: Галузь | B18: охорона здоров"я
A19: Одиниця виміру, тис. грн | G19: змінений ФП (дата затвердження)
A20: Розмір державної частки у статутному капіталі
A21: Середньооблікова кількість штатних працівників | B21: 510 | G21: змінений ФП (дата затвердження)
A22: Місцезнаходження | B22: м.Славута ,вул. Я.Мудрого ,29 "г"
A23: Телефон | B23: 7-20-10 | F23: Стандарти звітності П(с)БОУ
A24: Прізвище та власне ім'я керівника | B24: Радзивілюк Леонід Анатолієвич | F24: Стандарти звітності МСФЗ
A27: ФІНАНСОВИЙ ПЛАН
A28: на 2025 рік
A29: Основні фінансові показники
A31: Найменування показника | B31: Код рядка | C31: Плановий рік | D31: Уточнений план | E31: в тому числі по кварталах
E32: І квартал | F32: ІІ квартал | G32: ІІІ квартал | H32: ІV квартал
A33: 1 | B33: 2 | C33: 5 | D33: 6 | E33: 7 | F33: 8 | G33: 9 | H33: 10
A34: І. Формування фінансових результатів
A35: Чистий дохід від реалізації продукції (товарів, робіт, послуг), в тому числі | B35: 1000 | C35: =C36+C37+C38 -> 172000 | D35: =D36+D37+D38 -> 172000 | E35: =E36+E37+E38 -> 43200 | F35: =F36+F37+F38 -> 43300 | G35: =G36+G37+G38 -> 42800 | H35: =H36+H37+H38 -> 42700
A36: Кошти НСЗУ | C36: 168000 | D36: =SUM(E36:H36) -> 168000 | E36: 42000 | F36: 42000 | G36: 42000 | H36: 42000
A37: ….
A38: платні послуги | C38: 4000 | D38: =SUM(E38:H38) -> 4000 | E38: 1200 | F38: 1300 | G38: 800 | H38: 700
A39: Інші операційні доходи | B39: 1001 | C39: 14600 | D39: =SUM(E39:H39) -> 25000 | E39: 6500 | F39: 6000 | G39: 6000 | H39: 6500
A40: Інші доходи | B40: 1002 | C40: 4000 | D40: =SUM(E40:H40) -> 8000 | E40: 2000 | F40: 2000 | G40: 2000 | H40: 2000
A41: Разом доходи ( рядок 1000+1001+1002) | B41: 1003 | C41: =C35+C39+C40 -> 190600 | D41: =D35+D39+D40 -> 205000 | E41: =E35+E39+E40 -> 51700 | F41: =F35+F39+F40 -> 51300 | G41: =G35+G39+G40 -> 50800 | H41: =H35+H39+H40 -> 51200
A42: Собівартість реалізованої продукції (товарів, робіт, послуг) | B42: 1004 | C42: 178900 | D42: =SUM(E42:H42) -> 190700 | E42: 48400 | F42: 48000 | G42: 47200 | H42: 47100
A43: Інші операційні витрати, в тому числі: | B43: 1005 | C43: =C44+C46 -> 11700 | D43: =D44+D46 -> 14300 | E43: =E44+E46 -> 3300 | F43: =F44+F46 -> 3300 | G43: =G44+G46 -> 3600 | H43: =H44+H46 -> 4100
A44: адміністративні витрати | B44: 1006 | C44: 7300 | D44: =SUM(E44:H44) -> 7300 | E44: 1700 | F44: 1700 | G44: 1700 | H44: 2200
A45: витрати на збут | B45: 1007
A46: інші операційні витрати | B46: 1008 | C46: 4400 | D46: =SUM(E46:H46) -> 7000 | E46: 1600 | F46: 1600 | G46: 1900 | H46: 1900
A47: Інші витрати | B47: 1009 | D47: =SUM(E47:H47) -> 0
A48: Разом витрати ( рядок 1004+1005+1008) | B48: 1010 | C48: =C42+C43+C47 -> 190600 | D48: =SUM(E48:H48) -> 205000 | E48: =E42+E43+E47 -> 51700 | F48: =F42+F43+F47 -> 51300 | G48: =G42+G43+G47 -> 50800 | H48: =H42+H43+H47 -> 51200
A49: Фінансовий результат до оподаткуівання ( рядок 1003 - 1009) | B49: 1011 | C49: =C41-C48 -> 0 | D49: =SUM(E49:H49) -> 0 | E49: =E41-E48 -> 0 | F49: =F41-F48 -> 0 | G49: =G41-G48 -> 0 | H49: =H41-H48 -> 0
A50: Податок на прибуток | B50: 1012 | D50: =SUM(E50:H50) -> 0
A51: Чистий фінансовий результат ( ряд.1010-1011) | B51: 1013 | C51: =C49-C50 -> 0 | D51: =SUM(E51:H51) -> 0 | E51: =E49-E50 -> 0 | F51: =F49-F50 -> 0 | G51: =G49-G50 -> 0 | H51: =H49-H50 -> 0
A52: EBITDA ( ряд.1012+1020) | B52: 1014 | C52: 9200 | D52: =SUM(E52:H52) -> 12000 | E52: =E51+E59 -> 2800 | F52: =F51+F59 -> 2800 | G52: =G51+G59 -> 3200 | H52: =H51+H59 -> 3200
A53: Елементи операційних витрат
A54: Матеріальні витрати, у тому числі: | B54: 1015 | C54: =C55+C56 -> 53700 | D54: =D55+D56 -> 62700 | E54: =E55+E56 -> 17100 | F54: =F55+F56 -> 16700 | G54: =G55+G56 -> 15500 | H54: =H55+H56 -> 13400
A55: витрати на сировину та основні матеріали | B55: 1016 | C55: 48100 | D55: =SUM(E55:H55) -> 56200 | E55: 15600 | F55: 15200 | G55: 14000 | H55: 11400
A56: витрати на паливо та енергію | B56: 1017 | C56: 5600 | D56: =SUM(E56:H56) -> 6500 | E56: 1500 | F56: 1500 | G56: 1500 | H56: 2000
A57: Витрати на оплату праці | B57: 1018 | C57: 102000 | D57: =SUM(E57:H57) -> 102000 | E57: 25000 | F57: 25000 | G57: 25000 | H57: 27000
A58: Відрахування на соціальні заходи | B58: 1019 | C58: 21300 | D58: =SUM(E58:H58) -> 21300 | E58: 5200 | F58: 5200 | G58: 5200 | H58: 5700
A59: Амортизація | B59: 1020 | C59: 9200 | D59: =SUM(E59:H59) -> 12000 | E59: 2800 | F59: 2800 | G59: 3200 | H59: 3200
A60: Інші операційні витрати | B60: 1021 | C60: 4400 | D60: =SUM(E60:H60) -> 7000 | E60: 1600 | F60: 1600 | G60: 1900 | H60: 1900
A61: Усього | B61: 1022 | C61: =C54+C57+C58+C59+C60 -> 190600 | D61: =D54+D57+D58+D59+D60 -> 205000 | E61: =E54+E57+E58+E59+E60 -> 51700 | F61: =F54+F57+F58+F59+F60 -> 51300 | G61: =G54+G57+G58+G59+G60 -> 50800 | H61: =H54+H57+H58+H59+H60 -> 51200
A63: ІІ. Сплата податків, зборів та інших обов'язкових платежів
A64: податок на прибуток підприємств | B64: 2000
A65: податок на додану вартість, що підлягає сплаті до бюджету за підсумками звітного періоду | B65: 2001 | C65: 240 | D65: =SUM(E65:H65) -> 280 | E65: 70 | F65: 70 | G65: 70 | H65: 70
A66: податок на додану вартість, що підлягає відшкодуванню з бюджету за підсумками звітного періоду | B66: 2002
A67: відрахування частини чистого прибутку до місцевого бюджету | B67: 2003
A68: податок на доходи фізичних осіб | B68: 2004 | C68: 19100 | D68: =SUM(E68:H68) -> 19100 | E68: 4700 | F68: 4700 | G68: 4700 | H68: 5000
A69: єдиний внесок на загальнообов'язкове державне соціальне страхування | B69: 2005 | C69: 21300 | D69: =SUM(E69:H69) -> 21300 | E69: 5200 | F69: 5200 | G69: 5200 | H69: 5700
A70: військовий збір | B70: 2006 | C70: 1550 | D70: =SUM(E70:H70) -> 1550 | E70: 385 | F70: 385 | G70: 385 | H70: 395
A71: земельний податок | B71: 2007 | C71: 440 | D71: =SUM(E71:H71) -> 440 | E71: 110 | F71: 110 | G71: 110 | H71: 110
A72: екологічний податок | B72: 2008
A73: інші податки і збори | B73: 2009
A74: Усього сплата податків, зборів та інших обов'язкових платежів | B74: 2010 | C74: =C64+C65+C66+C67+C68+C69+C70+C71+C72+C73 -> 42630 | D74: =D64+D65+D66+D67+D68+D69+D70+D71+D72+D73 -> 42670 | E74: =E64+E65+E66+E67+E68+E69+E70+E71+E72+E73 -> 10465 | F74: =F64+F65+F66+F67+F68+F69+F70+F71+F72+F73 -> 10465 | G74: =G64+G65+G66+G67+G68+G69+G70+G71+G72+G73 -> 10465 | H74: =H64+H65+H66+H67+H68+H69+H70+H71+H72+H73 -> 11275
A75: IІІ. Капітальні інвестиції
A76: капітальне будівництво | B76: 3000
A77: придбання (виготовлення) основних засобів | B77: 3001 | D77: =SUM(E77:H77) -> 0
A78: придбання (виготовлення) інших необоротних матеріальних активів | B78: 3002 | D78: =SUM(E78:H78) -> 0
A79: придбання (створення) нематеріальних активів | B79: 3003
A80: модернізація, модифікація (добудова, дообладнання, реконструкція) основних засобів | B80: 3004
A81: капітальний ремонт | B81: 3005
A82: Капітальні інвестиції | B82: 3006 | C82: =C76+C77+C78+C79+C80+C81 -> 0 | D82: =D76+D77+D78+D79+D80+D81 -> 0 | E82: =E76+E77+E78+E79+E80+E81 -> 0 | F82: =F76+F77+F78+F79+F80+F81 -> 0 | G82: =G76+G77+G78+G79+G80+G81 -> 0 | H82: =H76+H77+H78+H79+H80+H81 -> 0
A83: IV. Цілове фінасування
A84: Відшкодування різниці в тарифах, в тому числі ( ряд.4001+ 4002): | B84: 4000
A85: державний бюджет | B85: 4001
A86: місцевий бюджет | B86: 4002
A87: Цільове вінансування ( згідно затерджених програм) ( ряд.4004+4005) | B87: 4003 | C87: =C88+C89 -> 0 | D87: =SUM(E87:H87) -> 0 | E87: =E88+E89 -> 0 | F87: =F88+F89 -> 0 | G87: =G88+G89 -> 0 | H87: =H88+H89 -> 0
A88: державний бюджет | B88: 4004 | D88: =SUM(E88:H88) -> 0
A89: місцевий бюджет | B89: 4005 | D89: =SUM(E89:H89) -> 0
A90: V. Коефіцієнтний аналіз
A91: Рентабельність діяльності (чистий фінансовий результат, рядок 1310 / чистий дохід від реалізації продукції (товарів, робіт, послуг), рядок 1000) х 100, % | B91: 5000 | C91: =(C51/C35)*100 -> 0 | D91: =(D51/D35)*100 -> 0 | E91: =(E51/E35)*100 -> 0 | F91: =(F51/F35)*100 -> 0 | G91: =(G51/G35)*100 -> 0 | H91: =(H51/H35)*100 -> 0
A92: Рентабельність активів (чистий фінансовий результат, рядок 1013 / вартість активів, рядок 6009) х 100, % | B92: 5001 | C92: =(C51/C107)*100 -> 0 | D92: =(D51/D107)*100 -> 0 | E92: x | F92: x | G92: x | H92: x
A93: Рентабельність власного капіталу (чистий фінансовий результат, рядок 1013 / власний капітал, рядок 5002) х 100, % | B93: 5002 | D93: =(D51/D115)*100 -> 0 | E93: x | F93: x | G93: x | H93: x
A94: Рентабельність EBITDA (EBITDA, рядок 1310 / чистий дохід від реалізації продукції (товарів, робіт, послуг), рядок 1000) х 100, % | B94: 5003 | C94: =(C51/C35)*100 -> 0 | D94: =(D51/D35)*100 -> 0 | E94: x | F94: x | G94: x | H94: x
A95: Коефіцієнт фінансової стійкості (власний капітал, рядок 6080 / (довгострокові зобов'язання, рядок 6030 + поточні зобов'язання, рядок 6040)) | B95: 5004 | D95: =D115/(D108+D109) -> 1.9109589 | E95: x | F95: x | G95: x | H95: x
A96: Коефіцієнт зносу основних засобів (сума зносу, рядок 6003 / первісна вартість основних засобів, рядок 6002) | B96: 5005 | C96: =C101/C100 -> -0.66666667 | D96: =D101/D100 -> -0.66666667 | E96: x | F96: x | G96: x | H96: x
A97: VI. Звіт про фінансовий стан
A98: Необоротні активи, усього, з них: | B98: 6000 | C98: 60000 | D98: 60000 | E98: x | F98: x | G98: x | H98: x
A99: основні засоби | B99: 6001 | C99: 100000 | D99: 100000 | E99: x | F99: x | G99: x | H99: x
A100: первісна вартість | B100: 6002 | C100: 60000 | D100: 60000 | E100: x | F100: x | G100: x | H100: x
A101: знос | B101: 6003 | C101: =C100-C99 -> -40000 | D101: =D100-D99 -> -40000 | E101: x | F101: x | G101: x | H101: x
A102: Оборотні активи, усього, з них : | B102: 6004 | C102: 25000 | D102: 25000 | E102: x | F102: x | G102: x | H102: x
A103: дебіторська заборгованість за продукцію, товари, роботи, послуги | B103: 6005 | E103: x | F103: x | G103: x | H103: x
A104: дебіторська заборгованість за розрахунками з бюджетом | B104: 6006 | E104: x | F104: x | G104: x | H104: x
A105: інша поточна дебіторська заборгованість | B105: 6007 | C105: 78 | D105: 78 | E105: x | F105: x | G105: x | H105: x
A106: гроші та їх еквіваленти | B106: 6008 | C106: 4000 | D106: 4000 | E106: x | F106: x | G106: x | H106: x
A107: Усього активи | B107: 6009 | C107: =C98+C102 -> 85000 | D107: =D98+D102 -> 85000 | E107: x | F107: x | G107: x | H107: x
A108: Довгострокові зобов'язання і забезпечення | B108: 6010 | C108: 7200 | D108: 7200 | E108: x | F108: x | G108: x | H108: x
A109: Поточні зобов'язання і забезпечення, з них : | B109: 6011 | C109: 22000 | D109: 22000 | E109: x | F109: x | G109: x | H109: x
...
